 Dungeon Crawl Stone Soup version 0.27-a0-1502-g47ed6a6988 (webtiles) character file.

Game seed: 13435861977536084347

6130 ABBCCCDDDD the Fighter (level 11, -7/75 HPs)
             Began as a Djinni Hedge Wizard on July 9, 2021.
             Was a Believer of Hepliaklqana.
             Mangled by a skeletal warrior (9 damage)
             ... led by a skeletal warrior
             ... on level 10 of the Dungeon.
             The game lasted 00:44:14 (15071 turns).

ABBCCCDDDD the Fighter (Djinni Hedge Wizard)       Turns: 15071, Time: 00:44:15

Health: -7/75      AC:  8    Str: 11    XL:     11   Next: 12%
Gold:   56         EV: 15    Int: 16    God:    Hepliaklqana [**....] SH:  0 Dex: 14

rFire    + . .     SeeInvis .   k - +2 flail (protect)
rCold    + . .     Faith    .   (no shield)
rNeg     . . .     Spirit   .   n - +2 leather armour {rC+}
rPois    ∞         Reflect  .   c - +0 hat
rElec    .         Harm     .   R - +0 cloak
rCorr    .         Rampage  .   f - +0 pair of gloves
Will     +....                  (boots unavailable)
Stlth    ++........             (no amulet)
HPRegen  0.22/turn              y - ring of ice
MPRegen  0.00/turn              (no ring)

@: flying
A: reduced essence, sickness immunity, fire resistance 2, cold vulnerability 1,
float, innate caster, hp casting, extra vitality 1
a: Renounce Religion, Recall Ancestor, Ancestor Identity


You were on level 10 of the Dungeon.
You worshipped Hepliaklqana.
Hepliaklqana was pleased with you.
You visited 2 branches of the dungeon, and saw 11 of its levels.
You also visited: Ossuary.

You collected 472 gold pieces.
You spent 416 gold pieces at shops.

Inventory:

Hand Weapons
 k - a +2 flail of protection (weapon)
 r - a +2 dagger of chaos
 E - a +3 trident of freezing
Missiles
 g - 18 poisoned darts
 A - 8 atropa-tipped darts
Armour
 c - a +0 hat (worn)
 f - a +0 pair of gloves (worn)
 n - a +2 leather armour of cold resistance (worn)
 H - +0 steam dragon scales
 M - +0 acid dragon scales
 O - a +0 kite shield of positive energy
 R - a +0 cloak (worn)
Magical Staves
 p - a staff of conjuration
 v - a staff of cold
Jewellery
 s - a ring of fire
 y - a ring of ice (left hand)
 N - a +6 ring of dexterity
 Q - a ring of fire
 S - an amulet of regeneration
Wands
 G - a wand of paralysis (10)
Scrolls
 d - 3 scrolls of enchant armour
 e - 5 scrolls of teleportation
 i - a scroll of torment
 j - 3 scrolls of fog
 m - a scroll of fear
 q - 2 scrolls of enchant weapon {unknown}
 t - 3 scrolls of blinking {unknown}
 u - a scroll of vulnerability {unknown}
 w - 3 scrolls of holy word {unknown}
 z - 3 scrolls of amnesia {unknown}
 D - a scroll of magic mapping {unknown}
Potions
 h - 4 potions of curing
 l - a potion of haste
 x - 3 potions of might {unknown}
 B - 2 potions of degeneration {unknown}
 C - 3 potions of heal wounds {unknown}
 F - a potion of resistance {unknown}
 I - 3 potions of brilliance
 J - 2 potions of cancellation {unknown}
 K - a potion of attraction {unknown}
 L - a potion of ambrosia {unknown}
 P - a potion of berserk rage {unknown}


   Skills:
 + Level 9.6 Fighting
 - Level 5.0 Armour
 + Level 9.0 Dodging
 - Level 1.5 Stealth
 * Level 5.5 Shields
 - Level 5.5 Spellcasting


You couldn't memorise any spells.
You knew the following spells:

 Your Spells              Type           Power      Damage    Failure   Level
a - Magic Dart            Conj           88%        1d7       1%          1
b - Blink                 Tloc           N/A        N/A       2%          2
c - Call Imp              Summ           22%        N/A       2%          2
d - Slow                  Hex            22%        N/A       2%          2
e - Conjure Flame         Conj/Fire      22%        6-21      5%          3
f - Mephitic Cloud        Conj/Pois/Air  22%        N/A       5%          3
g - Corona                Hex            24%        N/A       1%          1
h - Passwall              Tmut/Erth      18%        N/A       2%          2
i - Poisonous Vapours     Pois/Air       44%        N/A       2%          2
j - Lesser Beckoning      Tloc           11%        N/A       5%          3
k - Borgnjor's Vile Clut  Necr/Erth      11%        N/A       45%         5
Your spell library was empty.

Dungeon Overview and Level Annotations

Branches:
Dungeon (10/15)            Temple (1/1) D:5             Orc (0/2) D:9
Ossuary (visited)
   Lair: D:8-11

Altars:
Cheibriados
Dithmenos
Elyvilon
Fedhas
Gozag
Hepliaklqana
Kikubaaqudgha
Makhleb
Nemelex Xobeh
Okawaru
Qazlal
Ru
Sif Muna
Uskayaw
Vehumet
Wu Jian
Xom
Yredelemnul
Zin
The Shining One

Shops:
D:8 (   D:9 *   D:10 (

Annotations:
D:3 2 runed translucent doors, p0werm0de's ghost, amateur DsFi
D:8 Gastronok
D:9 exclusion: 3 doors


Innate Abilities, Weirdness & Mutations

Your life essence is reduced to manifest your ancestor. (-10% HP)
You are immune to sickness and miasma.
You are immune to poison.
Your flesh is very heat resistant. (rF++)
You are vulnerable to cold. (rC-)
You float through the air rather than walking.
You learn spells naturally, not from books.
Your magical power is your life essence.
You have superior vitality. (+4 HP)


Message History

The yak is engulfed in noxious fumes.
The yak appears confused.
The black bear barely misses Jens Ståhl.
The black bear claws Jens Ståhl but does no damage.
The black bear claws Jens Ståhl.
Jens Ståhl hits the black bear with a +0 quarterstaff!
The black bear dies!
Your Dodging skill increases to level 9!
Found a rapier.
You feel a bit more experienced.
Okay, then.
You see here a +0 rapier.
You reach down and open the door.
The skeletal warrior hits you with a +0 battleaxe!
* * * LOW HITPOINT WARNING * * *
Found a tapered bone wand.
There is an open door here.
Okay, then.
Press: ? - help, v - describe, . - travel
Here: a skeletal warrior, wielding a +0 battleaxe The floor.
Okay, then.
Unknown command.
There is a stone staircase leading up here.
The yak bellows!
Casting: Slow (safe; 2% risk of failure)
Confirm with . or Enter, or press ? or * to list all spells.
Okay, then.
Okay, then.
Unknown command.
Casting: Slow (safe; 2% risk of failure)
Confirm with . or Enter, or press ? or * to list all spells.
You blink.
* * * LOW HITPOINT WARNING * * *
The water moccasin bites you.
* * * LOW HITPOINT WARNING * * *
Casting: Blink (safe; 2% risk of failure)
Confirm with . or Enter, or press ? or * to list all spells.
You don't have enough health to cast this spell.
The skeletal warrior hits you with a +0 mace!
You die...

#.....)(#≈≈∩...#....).#
#.###....≈≈YhY##O...Rh..
#.........≈≈≈###......Y.
#..##.#...#§## .).....#.
.... #.#..<#.###.#.#####
.## #.....#.z.# ..
###z#.###<# #.#...zS#
#.#...R@# #.#.....#
#)##...###. #..'....../#
####....##.# #.##.# ...
.# ....### ....#


You could see the friendly Jens Ståhl the battlemage, 2 skeletal warriors and a
water moccasin (slow).

Vanquished Creatures
  A skeletal warrior (D:9)
  Maggie (D:7)
  A yak (D:10)
  A black bear (D:6)
  An orc warrior (D:9)
  2 ogres
  A centaur (D:6)
  2 scorpions
  6 water moccasin zombies (Ossuary)
  A wyvern skeleton (D:6)
  4 killer bees (D:9)
  7 wights
  A centaur zombie (D:9)
  A jelly (D:6)
  An orc priest (D:9)
  A bullfrog skeleton (D:5)
  An orc wizard (D:6)
  A hound skeleton (D:4)
  3 mummies
  2 howler monkey zombies
  2 gnolls (D:2)
  6 adders
  A white imp (D:6)
  4 adder zombies (Ossuary)
  3 worms (D:2)
  A dart slug (D:5)
  9 orcs
  11 ball pythons
  6 bats
  7 endoplasms
  A gnoll zombie (Ossuary)
  5 goblins
  8 hobgoblins
  5 jackals
  3 quokkas
  4 frilled lizards
  3 hobgoblin zombies (Ossuary)
  7 kobolds
  2 kobold zombies (Ossuary)
  6 orc zombies (Ossuary)
  2 rats (D:1)
135 creatures vanquished.

Vanquished Creatures (collateral kills)
  Erica (D:10)
  A two-headed ogre (D:10)
  A wyvern (D:9)
  A yak (D:10)
  2 water moccasins (D:8)
  2 acid dragons (D:9)
  An orc warrior (D:6)
  2 black bears (D:10)
  A necrophage (D:6)
  2 centaurs
  A kobold brigand (D:9)
  A bullfrog (D:9)
  A phantom (D:7)
  A water moccasin zombie (Ossuary)
  9 killer bees (D:9)
  6 wights
  A centaur zombie (D:7)
  A hound (D:6)
  An orc priest (D:6)
  An iguana (D:5)
  3 orc wizards
  A gnoll (D:2)
  A howler monkey skeleton (D:6)
  An adder zombie (Ossuary)
  2 orcs (D:9)
  A kobold (D:9)
  An orc zombie (Ossuary)
47 creatures vanquished.

Vanquished Creatures (others)
  5 battlemagi
  6 ancestors
  19 fungi (D:10)
  17 plants (D:10)
47 creatures vanquished.

Grand Total: 229 creatures vanquished

Notes
Turn   | Place    | Note
-------+----------+-------------------------------------------
     0 | D:1      | ABBCCCDDDD the Djinni Hedge Wizard began the quest for the
                  | Orb.
     0 | D:1      | Reached XP level 1. HP: 15/15 MP: 0/0
   544 | D:1      | Reached skill level 1 in Fighting
   544 | D:1      | Reached XP level 2. HP: 2/22 MP: 0/0
  1438 | D:1      | Reached XP level 3. HP: 26/27 MP: 0/0
  1438 | D:1      | Learned a level 1 spell: Corona
  3449 | D:2      | Reached XP level 4. HP: 28/33 MP: 0/0
  4239 | D:3      | Reached XP level 5. HP: 35/38 MP: 0/0
  4239 | D:3      | Learned a level 2 spell: Passwall
  4596 | D:3      | Found a faded altar of an unknown god.
  4633 | D:3      | Found a runed translucent door.
  4634 | D:3      | Noticed a bullfrog
  4899 | D:3      | Found a runed translucent door.
  4909 | D:3      | Noticed p0werm0de's ghost (amateur DsFi)
  5135 | D:3      | Found a shimmering altar of Xom.
  5267 | D:3      | Found a glowing silver altar of Zin.
  5555 | D:4      | Found a white marble altar of Elyvilon.
  6108 | D:4      | Reached skill level 5 in Dodging
  6233 | D:5      | Entered Level 5 of the Dungeon
  6255 | D:5      | Found a staircase to the Ecumenical Temple.
  6262 | Temple   | Entered the Ecumenical Temple
  6453 | Temple   | Became a worshipper of Hepliaklqana the Forgotten
  6519 | D:5      | Noticed a centaur
  6530 | D:5      | Noticed an ogre
  6901 | D:5      | Reached XP level 6. HP: 34/45 MP: 0/0
  7214 | D:5      | Found a snail-covered altar of Cheibriados.
  7586 | D:6      | Noticed an orc warrior
  8056 | D:6      | Reached XP level 7. HP: 18/51 MP: 0/0
  8056 | D:6      | Learned a level 2 spell: Poisonous Vapours
  9400 | D:6      | Reached skill level 5 in Fighting
  9587 | D:6      | Reached * piety under Hepliaklqana
  9761 | D:7      | Reached XP level 8. HP: 46/53 MP: 0/0
  9958 | D:7      | Found an iron altar of Okawaru.
 10031 | D:7      | Noticed Maggie
 10102 | D:7      | Found a sand-covered staircase.
 10188 | D:7      | Killed Maggie
 10189 | D:7      | Reached skill level 5 in Spellcasting
 10237 | Ossuary  | Entered an ossuary
 10623 | Ossuary  | Reached XP level 9. HP: 60/60 MP: 0/0
 10623 | Ossuary  | Learned a level 3 spell: Lesser Beckoning
 10689 | Ossuary  | Reached skill level 1 in Armour
 11334 | D:7      | Found a hide-covered altar of Uskayaw.
 12012 | D:8      | Noticed Gastronok
 12403 | D:5      | Found a blossoming altar of Fedhas.
 12873 | D:8      | Reached ** piety under Hepliaklqana
 12874 | D:8      | Remembered your ancestor Jens Ståhl as a battlemage
 12887 | D:8      | Found a sparkling altar of Nemelex Xobeh.
 12895 | D:8      | Found Qaeplic's Antique Weapon Boutique.
 13110 | D:9      | Reached XP level 10. HP: 62/68 MP: 0/0
 13403 | D:9      | Reached skill level 5 in Armour
 13595 | D:9      | Found a staircase to the Orcish Mines.
 13603 | D:9      | Found Bolusk's Assorted Antiques.
 13610 | D:9      | Bought a scroll of enchant armour for 157 gold pieces
 13610 | D:9      | Bought a cloak for 94 gold pieces
 13610 | D:9      | Bought a scroll of identify for 42 gold pieces
 13610 | D:9      | Bought a black potion for 18 gold pieces
 13610 | D:9      | Bought a thin platinum amulet for 105 gold pieces
 13695 | D:9      | Reached skill level 1 in Shields
 14207 | D:10     | Entered Level 10 of the Dungeon
 14207 | D:10     | Noticed a skeletal warrior
 14239 | D:9      | Killed a skeletal warrior
 14287 | D:10     | Found Wiboocri's Antique Weapon Shop.
 14287 | D:10     | Noticed a skeletal warrior
 14287 | D:10     | Noticed a skeletal warrior
 14287 | D:10     | Noticed a skeletal warrior
 15019 | D:10     | Noticed Erica
 15029 | D:10     | Noticed a two-headed ogre
 15031 | D:10     | Killed Erica
 15049 | D:10     | Killed a two-headed ogre
 15050 | D:10     | Reached skill level 5 in Shields
 15050 | D:10     | Reached XP level 11. HP: 27/75 MP: 0/0
 15050 | D:10     | Learned a level 5 spell: Borgnjor's Vile Clutch
 15070 | D:10     | HP: 2/75 [water moccasin (6)]
 15071 | D:10     | Mangled by a skeletal warrior

Illustrated notes

Levels and vault maps discovered:
D:1:      dpeg_arrival_shrine, layout_loops_ring, minmay_crystal_room,
          chequers_arboretum
D:2:      layout_basic
D:3:      layout_basic, tgw_xom, lemuel_tele_altar,
          hellmonk_ecumenical_altar_inner_sanctum, ebering_ghost_sewer_f,
          minmay_misc_feat_tower, due_unseen_surprise
D:4:      layout_rooms, elyvilon_altar_4
D:5:      layout_rooms, chei_slow_surprise,
          grunt_temple_overflow_growth_and_decay,
          minmay_temple_entry_mini_moons, serial_curves, eino_curves_04,
          eino_curves_01, eino_curves_02, eino_curves_03
D:6:      layout_layer_cave, cheibrodos_sewer_entry_sluice
D:7:      layout_basic, kennysheep_little_box, mainiacjoe_overflow_alcove_2,
          vehumet_crystals, nicolae_ossuary_entry_false_entrances,
          hangedman_decor_points, uniq_maggie
D:8:      layout_rooms, mainiacjoe_overflow_tiny_flanked, serial_shops,
          kennysheep_mini, nicolae_wwwww, uniq_gastronok
D:9:      layout_roguey, orc_0_dummy, serial_shops, shop
D:10:     layout_basic, due_lair_maze_entry_diamond, serial_shops,
          nicolae_shop_waterfront, enter_bailey_7, uniq_erica, uniq_erolcha,
          uniq_josephine, uniq_snorg
Temple:   minmay_temple_forest_path

Skill      XL: |  1  2  3  4  5  6  7  8  9 10 11 |
---------------+----------------------------------+-----
Fighting       | 1 2 3 5 6 8 9 |  9.6
Dodging        | 3 4 5 7 8 9 |  9.0
Spellcasting   | 3 4 5 |  5.5
Armour         | 4 5 |  5.0
Shields        | 5 |  5.5
Stealth        | |  1.5

Action                   |  1- 3 |  4- 6 |  7- 9 | 10-12 || total
-------------------------+-------+-------+-------+-------++-------
Melee: Flail             |       |    20 |   156 |    28 ||   204
       Staff             |       |     4 |       |       ||     4
 Cast: Magic Dart        |   125 |   144 |   151 |    71 ||   491
       Blink             |     3 |       |     3 |     1 ||     7
       Slow              |     3 |       |       |     1 ||     4
       Call Imp          |     1 |    16 |    17 |       ||    34
       Conjure Flame     |       |     3 |    19 |     4 ||    26
       Mephitic Cloud    |       |     1 |     6 |     6 ||    13
       Poisonous Vapours |       |       |    23 |    13 ||    36
Invok: Ancestor Identity |       |       |     1 |       ||     1
       Ancestor Life: Ba |       |       |     1 |       ||     1
       Recall Ancestor   |       |       |       |     1 ||     1
  Use: Scroll            |       |     1 |     5 |     2 ||     8
       Potion            |       |     1 |       |       ||     1
 Stab: Confused          |       |     2 |       |       ||     2
Armor: Robe              |     6 |    13 |     1 |       ||    20
       Steam dragon scal |       |       |    87 |       ||    87
       Acid dragon scale |       |       |       |    20 ||    20
Dodge: Dodged            |    20 |    47 |   193 |    40 ||   300

Table legend: (Time is in decaauts)
 A = Elapsed time spent in this place.
 B = Non-inter-level travel time spent in this place.
 C = Inter-level travel time spent in this place.
 D = Time resting spent in this place.
 E = Time spent auto-exploring this place.
 F = Levels seen in this place.
 G = Mean time per level.
                   A        B        C        D        E       F      G
               +--------+--------+--------+--------+--------+-----+--------+
         Total |  15169 |  14587 |    582 |   6573 |   5091 |  12 | 1264.1 |
       Dungeon |  14079 |  13539 |    540 |   6101 |   4848 |  10 | 1407.9 |
        Temple |    366 |    324 |     42 |    129 |    183 |   1 |  366.0 |
       Ossuary |    723 |    723 |      0 |    343 |     60 |   1 |  723.0 |
               +--------+--------+--------+--------+--------+-----+--------+

Top non-repeatable levels by time:
     D:6: 2194 daAuts
     D:1: 2182 daAuts
     D:2: 2056 daAuts
     D:9: 1512 daAuts
     D:7: 1480 daAuts
     D:5: 1311 daAuts
     D:3: 1285 daAuts
     D:8: 988 daAuts
     D:4: 970 daAuts
 Ossuary: 723 daAuts
  Temple: 366 daAuts
    D:10: 97 daAuts
